[Event "Early-Titled-Tuesday-Blitz-November-28-2023"]
[Site "Chess.com"]
[Date "2023.11.28"]
[Round "5"]
[White "Emp3rador"]
[Black "Karateloru"]
[Result "1/2-1/2"]
[WhiteElo "2577"]
[BlackElo "2794"]
[TimeControl "180+1"]
[EndTime "9:01:01 PST"]
[Termination "Game drawn by 50-move rule"]

1. e4 e5 2. Nf3 Nc6 3. d4 exd4 4. Nxd4 Nf6 5. Nc3 Bc5 6. Nb3 Bb6 7. Bg5 O-O 8. Bd3 h6 9. Bh4 d6 10. a4 a6 11. Nd5 g5 12. Nxb6 cxb6 13. Bg3 d5 14. exd5 Re8+ 15. Kf1 Qxd5 16. h4 g4 17. Qc1 Kg7 18.
Bf4 Bf5 19. Bxh6+ Kh7 20. Bxf5+ Qxf5 21. Qf4 Qg6 22. Bg5 Ne4 23. Qc7 Rac8 24. Qxb6 Qf5 25. Qe3 g3 26. Qf4 Qxf4 27. Bxf4 Nxf2 28. Rg1 Ne4 29. Re1 f5 30. Re3 Nb4 31. c3 Nd5 32. Rf3 b5 33. axb5 axb5 34. Bxg3 b4 35. Be1 bxc3 36.
bxc3 f4 37. Nd4 Ne3+ 38. Ke2 Nxc3+ 39. Bxc3 Rxc3 40. Kd2 Rc4 41. Kd3 Rd8 42. Rxf4 Re8 43. Re1 Rxd4+ 44. Kxd4 Nc2+ 45. Kd5 Nxe1 46. Re4 Rd8+ 47.
Kc4 Nxg2 48. Re7+ Kh6 49. Re6+ Kh5 50. Re7 Kxh4 51. Rg7 Nf4 52. Rg1 Rc8+ 53. Kb5 Ne6 54. Rg6 Nd4+ 55. Kb4 Kh5 56. Rg1 Ne2 57. Rg2 Nf4 58.
Rg3 Kh4 59. Rg7 Nd5+ 60. Kb3 Rb8+ 61. Kc4 Nf6 62. Rg6 Ng4 63. Rg7 Kg3 64. Kd4 Rd8+ 65. Ke4 Re8+ 66. Kf5 Rf8+ 67. Ke4 Rf4+ 68. Kd5 Kf3 69. Ra7 Rf5+ 70. Kd4 Kf4 71. Ra1 Nf2 72. Rf1 Kf3 73. Ra1 Rf4+ 74. Kd5 Nd3 75. Ke6 Re4+ 76. Kd5 Nf4+ 77. Kd6 Rd4+ 78. Kc5 Rd5+ 79. Kc6 Rd3 80. Ra4 Ke3 81. Ra8 Rc3+ 82. Kd6 Nd3 83. Re8+ Kd4 84. Rh8 Nc5 85. Rh4+ Ne4+ 86. Kd7 Rc5 87. Rh1 Nf6+ 88. Ke7 Nd5+ 89. Kd6 Ra5 90. Rh4+ Kd3 91. Rh3+ Kd4 92.
Rh4+ Kd3 93. Rh3+ Ne3 94. Ke6 Ra6+ 95. Kd7 Ra5 96. Rh4 Ra6 97. Rh1 Ra5 98. Kc6 Ra6+ 99.
Kb5 Rf6 100. Kc5 Rf5+ 1/2-1/2

[Event "Early-Titled-Tuesday-Blitz-November-28-2023"]
[Site "Chess.com"]
[Date "2023.11.28"]
[Round "6"]
[White "Nikolakis2014"]
[Black "jefferyx"]
[Result "1-0"]
[WhiteElo "2792"]
[BlackElo "2983"]
[TimeControl "180+1"]
[EndTime "9:07:40 PST"]
[Termination "Nikolakis2014 won by resignation"]

1. Nf3 c5 2. c4 Nf6 3. Nc3 d5 4. cxd5 Nxd5 5. e3 e6 6. d4 cxd4 7. exd4 Nxc3 8. bxc3 Qc7 9. Bd2 Nd7 10. Bd3 b6 11. O-O Bb7 12. Re1 Bd6 13. h3 h6 14.
c4 O-O 15. a4 Rac8 16. a5 Rfd8 17. axb6 axb6 18. Qe2 Be5 19. Nxe5 1-0

[Event "Early-Titled-Tuesday-Blitz-November-28-2023"]
[Site "Chess.com"]
[Date "2023.11.28"]
[Round "6"]
[White "campochess"]
[Black "esrosenberg"]
[Result "0-1"]
[WhiteElo "2226"]
[BlackElo "2392"]
[TimeControl "180+1"]
[EndTime "9:07:55 PST"]
[Termination "esrosenberg won by resignation"]

1. e4 e5 2. d4 exd4 3. Qxd4 Nc6 4. Qe3 Nf6 5. Nc3 Bb4 6. Bd2 O-O 7. O-O-O Re8 8. f3 d5 9. Qg5 d4 10. Nd5 Bxd2+ 11. Rxd2 Nxd5 12. exd5 Qxg5 0-1

[Event "Early-Titled-Tuesday-Blitz-November-28-2023"]
[Site "Chess.com"]
[Date "2023.11.28"]
[Round "6"]
[White "lrestevez"]
[Black "YouShallNotPass001"]
[Result "0-1"]
[WhiteElo "2180"]
[BlackElo "2455"]
[TimeControl "180+1"]
[EndTime "9:08:03 PST"]
[Termination "YouShallNotPass001 won by resignation"]

1. e4 d6 2. d4 g6 3. Nc3 Bg7 4. Be3 e6 5. Qd2 b6 6. O-O-O a6 7. f4 b5 8. f5 exf5 9. exf5 Bxf5 10. Bd3 Bxd3 11.
Qxd3 Ne7 12. h4 h5 13. g4 hxg4 14. h5 gxh5 15. Nge2 Qd7 16. Ng3 h4 17. Nge4 Nbc6 18.
Kb1 O-O-O 19. Ng5 Nf5 20. Bf4 Ncxd4 21. Qe4 d5 22. Qg2 0-1

[Event "Early-Titled-Tuesday-Blitz-November-28-2023"]
[Site "Chess.com"]
[Date "2023.11.28"]
[Round "6"]
[White "amanjazu"]
[Black "kai_nov"]
[Result "1-0"]
[WhiteElo "2398"]
[BlackElo "2235"]
[TimeControl "180+1"]
[EndTime "9:08:33 PST"]
[Termination "amanjazu won by resignation"]

1. g3 e5 2. Bg2 d5 3. e3 Nf6 4. d4 exd4 5. exd4 Bd6 6. Ne2 O-O 7. O-O c6 8. c4 Be6 9. Nbc3 dxc4 10. Bg5 h6 11. Bxf6 Qxf6 12. d5 cxd5 13. Nxd5 Nc6 14.
Nxf6+ 1-0

[Event "Early-Titled-Tuesday-Blitz-November-28-2023"]
[Site "Chess.com"]
[Date "2023.11.28"]
[Round "6"]
[White "spotbet"]
[Black "jens1102"]
[Result "0-1"]
[WhiteElo "2436"]
[BlackElo "2628"]
[TimeControl "180+1"]
[EndTime "9:08:50 PST"]
[Termination "jens1102 won by resignation"]

1. e4 c5 2. Nf3 Nc6 3. d4 cxd4 4.
Nxd4 Nf6 5. Nc3 e5 6. Ndb5 d6 7. Bg5 a6 8. Na3 b5 9. Nd5 Be7 10. Nxe7 Qxe7 11. c4 b4 12. Nc2 O-O 13. Qd2 h6 14.
Bxf6 Qxf6 15. Nxb4 Nxb4 16. Qxb4 Bg4 17. f3 Rab8 18. Qd2 Be6 19. Bd3 Qh4+ 20. g3 Qh3 21.
Bf1 Qh5 22. Kf2 f5 23. exf5 Rxf5 24. Be2 Rbf8 25. Kg2 Rxf3 26. Bxf3 Qxf3+ 27. Kg1 Bxc4 28. b3 Bd5 0-1

[Event "Early-Titled-Tuesday-Blitz-November-28-2023"]
[Site "Chess.com"]
[Date "2023.11.28"]
[Round "6"]
[White "queen_iryna"]
[Black "Dewarfd"]
[Result "0-1"]
[WhiteElo "2309"]
[BlackElo "2137"]
[TimeControl "180+1"]
[EndTime "9:09:00 PST"]
[Termination "Dewarfd won by resignation"]

1. e4 e5 2. Nf3 Nc6 3. Bb5 Nf6 4. d3 Ne7 5. Nxe5 c6 6. Nxf7 Kxf7 7. Bc4+ d5 8. exd5 cxd5 9. Bb3 Ng6 10. O-O Bg4 11. f3 Bd7 12. Nc3 Bc6 13. Bg5 Be7 14. Re1 Re8 15.
Qe2 Bc5+ 0-1

[Event "Early-Titled-Tuesday-Blitz-November-28-2023"]
[Site "Chess.com"]
[Date "2023.11.28"]
[Round "6"]
[White "mortngabriel"]
[Black "LuisFSiles"]
[Result "0-1"]
[WhiteElo "2490"]
[BlackElo "2345"]
[TimeControl "180+1"]
[EndTime "9:09:05 PST"]
[Termination "LuisFSiles won by resignation"]

1. e4 Nf6 2. e5 Nd5 3. c4 Nb6 4. c5 Nd5 5. Nc3 Nxc3 6. dxc3 b6 7.
Be3 e6 8. cxb6 axb6 9. Qg4 Nc6 10. Nf3 h5 11. Qg3 Ra4 12. Bg5 Ne7 13. Bd3 Bb7 14. O-O Rg4 15. Qh3 Bxf3 16. Bxe7 Qa8 0-1

[Event "Early-Titled-Tuesday-Blitz-November-28-2023"]
[Site "Chess.com"]
[Date "2023.11.28"]
[Round "6"]
[White "Wizard_97"]
[Black "angryspacevoid"]
[Result "1-0"]
[WhiteElo "2651"]
[BlackElo "2473"]
[TimeControl "180+1"]
[EndTime "9:09:21 PST"]
[Termination "Wizard_97 won by resignation"]

1. e4 c6 2. d4 d5 3. Nd2 e5 4.
dxe5 dxe4 5. Nxe4 Qa5+ 6. c3 Qxe5 7. Qe2 Bf5 8. Ng3 Qxe2+ 9. Bxe2 Be6 10. Nf3 Nd7 11. O-O Be7 12. Nd4 O-O-O 13. Nxe6 fxe6 14. Bg4 e5 15. Nf5 Bf8 16. Rd1 Ngf6 17. Bh3 Kc7 18. Be3 Rg8 19. Ng3 g5 20. Be6 Rg7 21. Nf5 Rg6 22. Bf7 1-0

[Event "Early-Titled-Tuesday-Blitz-November-28-2023"]
[Site "Chess.com"]
[Date "2023.11.28"]
[Round "6"]
[White "viktorgen2021"]
[Black "Akylbek2021"]
[Result "1-0"]
[WhiteElo "2471"]
[BlackElo "2230"]
[TimeControl "180+1"]
[EndTime "9:09:33 PST"]
[Termination "viktorgen2021 won by resignation"]

1. d4 Nf6 2. Nf3 g6 3. g3 Bg7 4.
Bg2 d5 5. O-O O-O 6. c4 c6 7.
cxd5 cxd5 8. Nc3 Nc6 9. Ne5 Nd7 10. Nxc6 bxc6 11. e4 Ba6 12. Re1 Nb6 13. exd5 cxd5 14. Bg5 h6 15. Bxe7 Qd7 16. Bxf8 Rxf8 17. Qf3 Bc4 18. b3 Ba6 19. Nxd5 Bxd4 20. Rad1 Qxd5 21. Qxd5 Nxd5 22. Bxd5 Bf6 23. Bc4 Bb7 24. Rd7 1-0

[Event "Early-Titled-Tuesday-Blitz-November-28-2023"]
[Site "Chess.com"]
[Date "2023.11.28"]
[Round "6"]
[White "Kapitan_Bayan"]
[Black "Chess4always"]
[Result "0-1"]
[WhiteElo "2277"]
[BlackElo "2056"]
[TimeControl "180+1"]
[EndTime "9:09:36 PST"]
[Termination "Chess4always won on time"]

1. e4 c6 2. d4 d5 3. e5 Bf5 4.
h4 h5 5. Bd3 Bxd3 6. Qxd3 e6 7.
Nf3 Nd7 8. Bg5 Be7 9. c4 dxc4 10. Qxc4 Nb6 0-1

[Event "Early-Titled-Tuesday-Blitz-November-28-2023"]
[Site "Chess.com"]
[Date "2023.11.28"]
[Round "6"]
[White "Willi_Skibbe"]
[Black "Dream2World_Number1"]
[Result "1-0"]
[WhiteElo "2281"]
[BlackElo "2635"]
[TimeControl "180+1"]
[EndTime "9:09:44 PST"]
[Termination "Willi_Skibbe won by resignation"]

1. e4 c5 2. c3 Nc6 3. Nf3 Nf6 4.
e5 Nd5 5. Bc4 e6 6. d4 cxd4 7.
cxd4 d6 8. O-O Be7 9. Qe2 O-O 10. Rd1 b6 11. Nc3 Nxc3 12. bxc3 Bb7 13. Bf4 Rc8 14. Bd3 dxe5 15. dxe5 Qc7 16. Ng5 h6 17. Qe4 g6 18.
Nxe6 Na5 19. Nxc7 Bxe4 20. Bxe4 Rxc7 21. Bxh6 Rfc8 22. g3 Rxc3 23. Rd7 R8c7 24. Rad1 Rc1 25. Bxc1 1-0

[Event "Early-Titled-Tuesday-Blitz-November-28-2023"]
[Site "Chess.com"]
[Date "2023.11.28"]
[Round "6"]
[White "Sulthankan"]
[Black "The_Sherman_Variation"]
[Result "1-0"]
[WhiteElo "2361"]
[BlackElo "2506"]
[TimeControl "180+1"]
[EndTime "9:09:47 PST"]
[Termination "Sulthankan won by resignation"]

1. d4 e6 2. c4 Nf6 3. Nf3 b6 4.
a3 Bb7 5. Nc3 d5 6. cxd5 Nxd5 7.
e3 Be7 8. Bb5+ c6 9. Bd3 O-O 10. O-O c5 11. e4 Nxc3 12. bxc3 cxd4 13. cxd4 Nc6 14. Bb2 Rc8 15. Re1 Bf6 16. Bb1 Na5 17.
Qd3 g6 18. Ba2 Qd7 19. d5 exd5 20. Bxf6 Qc6 21. e5 Nc4 22. Bxc4 dxc4 23. Qe3 c3 24.
Qh6 1-0

[Event "Early-Titled-Tuesday-Blitz-November-28-2023"]
[Site "Chess.com"]
[Date "2023.11.28"]
[Round "6"]
[White "Gabix_94"]
[Black "xamax2000"]
[Result "0-1"]
[WhiteElo "2755"]
[BlackElo "2927"]
[TimeControl "180+1"]
[EndTime "9:10:02 PST"]
[Termination "xamax2000 won by resignation"]

1. Nf3 Nf6 2. g3 g6 3. Bg2 Bg7 4. O-O O-O 5. b3 d6 6. d4 e5 7. dxe5 dxe5 8. Ba3 Nc6 9. Bxf8 Qxf8 10. Nfd2 e4 11. c3 e3 12. fxe3 Ng4 13. Nc4 Be6 14.
h3 Rd8 15. Qe1 Bxc4 16. hxg4 Be6 17. Nd2 Bxc3 18. Rd1 Ne5 19. Rf4 Nxg4 20. Rd4 Rxd4 21. exd4 Bxd4+ 22. e3 Nxe3 23. Nf3 Bb6 24. Kh1 Nxd1 25.
Qxd1 Qh6+ 26. Nh4 g5 27. Qd8+ Kg7 28. Qd4+ Bxd4 0-1

[Event "Early-Titled-Tuesday-Blitz-November-28-2023"]
[Site "Chess.com"]
[Date "2023.11.28"]
[Round "6"]
[White "FischerKasparow"]
[Black "Nancy11111"]
[Result "1-0"]
[WhiteElo "2098"]
[BlackElo "2280"]
[TimeControl "180+1"]
[EndTime "9:10:11 PST"]
[Termination "FischerKasparow won by checkmate"]

1. e4 d6 2. d4 Nf6 3. Nc3 g6 4. Be3 Bg7 5. Qd2 c6 6. h3 Nbd7 7. Bd3 e5 8. Nf3 exd4 9. Nxd4 Nc5 10. O-O-O O-O 11. Bh6 Re8 12. Bxg7 Kxg7 13. f3 Nxd3+ 14.
cxd3 d5 15. Kb1 dxe4 16. dxe4 c5 17. Nf5+ Bxf5 18. exf5 Qxd2 19. Rxd2 gxf5 20. Rhd1 Re7 21. Nd5 Re6 22. Nc7 Rc8 23. Nxe6+ fxe6 24. Rd6 Kf7 25. f4 b6 26. g4 fxg4 27. hxg4 Rc7 28. g5 Nd5 29. f5 Ne3 30. Rd7+ Rxd7 31. Rxd7+ Ke8 32. fxe6 b5 33. Rxh7 a5 34. g6 Kf8 35.
e7+ Kg8 36. e8=Q# 1-0

[Event "Early-Titled-Tuesday-Blitz-November-28-2023"]
[Site "Chess.com"]
[Date "2023.11.28"]
[Round "6"]
[White "ural58"]
[Black "bubeliang"]
[Result "0-1"]
[WhiteElo "2468"]
[BlackElo "2644"]
[TimeControl "180+1"]
[EndTime "9:10:15 PST"]
[Termination "bubeliang won by resignation"]

1. e4 c6 2. Nf3 d5 3. Nc3 dxe4 4.
Nxe4 Nf6 5. Qe2 Nxe4 6. Qxe4 Qd5 7. Qf4 Qf5 8. Qe3 Qe6 9. Be2 Qxe3 10. fxe3 Bf5 11.
Nd4 Bg6 12. h4 h6 13. d3 Nd7 14. Bd2 e5 15. Nb3 O-O-O 16. h5 Bh7 17. a4 f5 18. a5 a6 19. g4 Bd6 20. gxf5 Bxf5 21.
e4 Be6 22. Rg1 Bxb3 23. cxb3 Nc5 24. Ra3 Nxd3+ 25. Bxd3 Bxa3 26. Bxa6 Bc5 27. Bxb7+ Kxb7 28. Rxg7+ Ka6 29. Rg6 Kb5 30. b4 Bxb4 31. Bxb4 Kxb4 32. Rxc6 Kxa5 33. Rc5+ Kb4 34. Rxe5 Rhe8 0-1

[Event "Early-Titled-Tuesday-Blitz-November-28-2023"]
[Site "Chess.com"]
[Date "2023.11.28"]
[Round "6"]
[White "deepfear"]
[Black "Orishuas"]
[Result "0-1"]
[WhiteElo "1917"]
[BlackElo "2298"]
[TimeControl "180+1"]
[EndTime "9:10:19 PST"]
[Termination "Orishuas won by resignation"]

1. e4 c5 2. Nc3 a6 3. a4 Nc6 4. g3 g6 5. Bg2 Bg7 6. d3 e6 7. Be3 d6 8. Qd2 Nge7 9. Nf3 Nd4 10. O-O Nec6 11. Bg5 f6 12. Be3 O-O 13. Ne1 e5 14. Bh6 Be6 15. f4 Bxh6 0-1

[Event "Early-Titled-Tuesday-Blitz-November-28-2023"]
[Site "Chess.com"]
[Date "2023.11.28"]
[Round "6"]
[White "M1711"]
[Black "Niilo1"]
[Result "1-0"]
[WhiteElo "2609"]
[BlackElo "2310"]
[TimeControl "180+1"]
[EndTime "9:10:23 PST"]
[Termination "M1711 won by checkmate"]

1. e4 e5 2. Nf3 Nc6 3. Nc3 Nf6 4.
d4 exd4 5. Nd5 Nxd5 6. exd5 Qe7+ 7. Be2 Ne5 8. O-O d6 9. Nxd4 Bd7 10. Re1 O-O-O 11.
Be3 Kb8 12. Qd2 h6 13. Qa5 Bc8 14. f4 Ng6 15. Nc6+ bxc6 16. Qxa7# 1-0

[Event "Early-Titled-Tuesday-Blitz-November-28-2023"]
[Site "Chess.com"]
[Date "2023.11.28"]
[Round "6"]
[White "tacticthunder"]
[Black "WindWhistler11"]
[Result "1-0"]
[WhiteElo "2803"]
[BlackElo "2558"]
[TimeControl "180+1"]
[EndTime "9:10:35 PST"]
[Termination "tacticthunder won by resignation"]

1. e4 e6 2. d4 d5 3. Nc3 Bb4 4. e5 Ne7 5. Ne2 Nbc6 6. a3 Ba5 7. b4 Bb6 8. Na4 Nf5 9. c3 f6 10. f4 fxe5 11. fxe5 Qh4+ 12. g3 Qe4 13. Nxb6 cxb6 14. Rg1 Ne3 15. Bxe3 Qxe3 16. Qd2 Qxd2+ 17. Kxd2 Bd7 18.
h4 Ke7 19. Nf4 a5 20. b5 Nd8 21. a4 Nf7 22. Bd3 Nh6 23. g4 Raf8 24. Raf1 Be8 25.
g5 Nf5 26. Bxf5 Rxf5 27. Nxd5+ Kd8 28. Rxf5 exf5 29. Nf4 g6 30. h5 gxh5 31. d5 Ke7 32. Ke3 1-0

[Event "Early-Titled-Tuesday-Blitz-November-28-2023"]
[Site "Chess.com"]
[Date "2023.11.28"]
[Round "6"]
[White "Cayse"]
[Black "kubal123"]
[Result "1-0"]
[WhiteElo "2862"]
[BlackElo "2572"]
[TimeControl "180+1"]
[EndTime "9:10:38 PST"]
[Termination "Cayse won by checkmate"]

1. e4 e6 2. d4 d5 3. e5 c5 4. c3 Nc6 5. Nf3 Qb6 6. Be2 cxd4 7.
cxd4 Nh6 8. Bxh6 Qxb2 9. O-O gxh6 10. Nbd2 Bd7 11. Rb1 Qxa2 12. Rxb7 Rb8 13. Rc7 Qa5 14. Rxd7 Kxd7 15. Qc2 Be7 16. Rc1 Rhc8 17. Qxh7 Nxd4 18.
Nxd4 Qxd2 19. Rxc8 Rxc8 20. Bb5+ Kc7 21. Qxf7 Qd1+ 22.
Bf1 Qxd4 23. Qxe7+ Kb6 24. Qxe6+ Rc6 25. Qe8 Rc1 26.
Qb8+ Ka5 27. Qb5# 1-0

[Event "Early-Titled-Tuesday-Blitz-November-28-2023"]
[Site "Chess.com"]
[Date "2023.11.28"]
[Round "6"]
[White "Rumpel-VK"]
[Black "atbenina64"]
[Result "0-1"]
[WhiteElo "2549"]
[BlackElo "2772"]
[TimeControl "180+1"]
[EndTime "9:10:39 PST"]
[Termination "atbenina64 won on time"]

1. Nf3 Nf6 2. b3 g6 3. Bb2 Bg7 4. g3 d6 5. Bxf6 Bxf6 6. d4 c5 7. c3 cxd4 8. cxd4 Nc6 9. Bg2 Qa5+ 10. Qd2 Qxd2+ 11. Nbxd2 Nxd4 12. Nxd4 Bxd4 13. Rc1 Rb8 14. e3 Bc5 15. Ne4 Bb4+ 16. Ke2 Bd7 17. Rc7 Bb5+ 18. Kf3 Bc6 19. Kf4 d5 0-1

[Event "Early-Titled-Tuesday-Blitz-November-28-2023"]
[Site "Chess.com"]
[Date "2023.11.28"]
[Round "6"]
[White "DeArron_Fox"]
[Black "GatoRojo150"]
[Result "0-1"]
[WhiteElo "2476"]
[BlackElo "2616"]
[TimeControl "180+1"]
[EndTime "9:10:42 PST"]
[Termination "GatoRojo150 won on time"]

1. d4 d5 2. c4 dxc4 3. e3 Nc6 4. Bxc4 e5 5. Nf3 e4 6. Nfd2 Qg5 7. g3 Nf6 8. Nc3 Bf5 9. Qb3 O-O-O 10. Bxf7 Bd6 11. Be6+ Kb8 12. Qb5 g6 13. Ncxe4 Nxe4 14. Nxe4 Bb4+ 15.
Bd2 Qe7 16. Nc5 Bxc5 17. Bxf5 Nxd4 18. Qa4 Nxf5 0-1

[Event "Early-Titled-Tuesday-Blitz-November-28-2023"]
[Site "Chess.com"]
[Date "2023.11.28"]
[Round "6"]
[White "Arvids_Andrejevs"]
[Black "Mystery2007"]
[Result "0-1"]
[WhiteElo "2374"]
[BlackElo "2561"]
[TimeControl "180+1"]
[EndTime "9:10:43 PST"]
[Termination "Mystery2007 won by resignation"]

1. d4 g6 2. Nc3 Bg7 3. e4 d6 4. Bf4 c6 5. f3 Nf6 6. Qd2 h5 7. O-O-O b5 8. e5 dxe5 9. Bxe5 Be6 10. Kb1 O-O 11. Nce2 Nbd7 12. Bf4 Nb6 13. Nc1 Re8 14. Bh6 Bh8 15. h4 a5 16. Nh3 b4 17. Ng5 Bd5 18.
Bd3 Rb8 19. Ne4 Na4 20. b3 Nxe4 21. fxe4 Nc3+ 22. Kb2 Bxd4 0-1

[Event "Early-Titled-Tuesday-Blitz-November-28-2023"]
[Site "Chess.com"]
[Date "2023.11.28"]
[Round "6"]
[White "Ginzburg_Yakov"]
[Black "AndresDelgado77"]
[Result "1-0"]
[WhiteElo "2606"]
[BlackElo "2280"]
[TimeControl "180+1"]
[EndTime "9:10:45 PST"]
[Termination "Ginzburg_Yakov won by resignation"]

1. d4 Nf6 2. c4 c5 3. Nf3 cxd4 4. Nxd4 Nc6 5. g3 g6 6. Bg2 Bg7 7. O-O O-O 8. Nc3 Nxd4 9. Qxd4 d6 10. Bg5 h6 11.
Bxf6 Bxf6 12. Qd2 Bg7 13. Rfd1 Qa5 14. Nd5 Qd8 15. Rac1 Bd7 16. b4 Ba4 17. Re1 a6 18.
Qe3 Re8 19. Nb6 Bb2 20. Nxa4 Bxc1 21. Rxc1 Qc7 22. Nb6 Rad8 23. Nd5 Qd7 24. Qxh6 Qa4 25. Qd2 Rc8 26. Nb6 1-0

[Event "Early-Titled-Tuesday-Blitz-November-28-2023"]
[Site "Chess.com"]
[Date "2023.11.28"]
[Round "6"]
[White "olksuna"]
[Black "losersgame"]
[Result "1-0"]
[WhiteElo "2735"]
[BlackElo "2543"]
[TimeControl "180+1"]
[EndTime "9:10:48 PST"]
[Termination "olksuna won by checkmate"]

1. e4 e5 2. Nf3 Nc6 3. Bc4 g6 4.
d4 exd4 5. Nxd4 Bg7 6. Nf3 d6 7.
h3 Be6 8. Bb3 Bxb3 9. axb3 Nf6 10. Nc3 O-O 11. O-O Re8 12. Re1 a6 13. Bg5 h6 14. Bf4 Kh7 15. Qd2 Re6 16. Re2 Qf8 17. Rae1 Rae8 18. Bh2 Nb8 19. Nd4 R6e7 20. e5 dxe5 21.
Bxe5 Nh5 22. Bxg7 Nxg7 23. Nd5 Rxe2 24. Nf6+ Kh8 25. Qxh6# 1-0

[Event "Early-Titled-Tuesday-Blitz-November-28-2023"]
[Site "Chess.com"]
[Date "2023.11.28"]
[Round "6"]
[White "AnaKuchava"]
[Black "kikoveiga"]
[Result "0-1"]
[WhiteElo "2223"]
[BlackElo "2567"]
[TimeControl "180+1"]
[EndTime "9:10:48 PST"]
[Termination "kikoveiga won by resignation"]

1. d4 g6 2. Nf3 Bg7 3. c4 Nf6 4. Nc3 d5 5. Bg5 Ne4 6. Bf4 Nxc3 7. bxc3 dxc4 8. Qa4+ Nd7 9. Qxc4 c5 10. e3 O-O 11. Be2 Nb6 12. Qb3 Be6 13. Qa3 Nd5 14. Bg3 Rc8 15. O-O cxd4 16. cxd4 Nc3 17. Bd3 Bd5 18.
Nd2 e5 19. e4 Bc6 20. d5 Bxd5 21. exd5 Qxd5 22. Nc4 Qxd3 0-1

[Event "Early-Titled-Tuesday-Blitz-November-28-2023"]
[Site "Chess.com"]
[Date "2023.11.28"]
[Round "6"]
[White "Vesper2018"]
[Black "becemix"]
[Result "1-0"]
[WhiteElo "2616"]
[BlackElo "2367"]
[TimeControl "180+1"]
[EndTime "9:10:57 PST"]
[Termination "Vesper2018 won by checkmate"]

1. e4 c5 2. Nc3 a6 3. g3 b5 4. Bg2 Bb7 5. Nge2 e6 6. d4 c4 7.
O-O d6 8. d5 exd5 9. exd5 Nf6 10. Nd4 Be7 11. Nf5 O-O 12. Re1 Re8 13. Bg5 Nbd7 14.
Qd4 Bf8 15. Ne4 Re5 16. Nxf6+ gxf6 17. Nh6+ Kg7 18. Bd2 Be7 19. Qg4+ Kf8 20. Qg8# 1-0

[Event "Early-Titled-Tuesday-Blitz-November-28-2023"]
[Site "Chess.com"]
[Date "2023.11.28"]
[Round "6"]
[White "SimplyDevina"]
[Black "Ezov"]
[Result "1/2-1/2"]
[WhiteElo "2382"]
[BlackElo "2234"]
[TimeControl "180+1"]
[EndTime "9:11:00 PST"]
[Termination "Game drawn by agreement"]

1. d4 d5 2. c4 c6 3. Nc3 Nf6 4. cxd5 cxd5 5. Bf4 a6 6. e3 Nc6 7. Bd3 Bg4 8. Nge2 e6 9. h3 Bh5 10. O-O Bd6 11. Qd2 O-O 12. Rac1 Rc8 13. Bxd6 Qxd6 14.
Nf4 Bg6 15. Bxg6 hxg6 16. Nd3 Nd7 17. b3 b5 18. Ne2 Ne7 19. Rxc8 Rxc8 20. Rc1 Rxc1+ 21.
Qxc1 Qc6 22. Nc5 Nxc5 23. dxc5 e5 24. b4 f6 25. Qc3 Kf7 26. Nc1 Nf5 27. Nb3 Ke6 28.
Na5 Qc7 1/2-1/2

[Event "Early-Titled-Tuesday-Blitz-November-28-2023"]
[Site "Chess.com"]
[Date "2023.11.28"]
[Round "6"]
[White "Let_it_be_1"]
[Black "GiorgianBarbosa"]
[Result "0-1"]
[WhiteElo "2653"]
[BlackElo "2530"]
[TimeControl "180+1"]
[EndTime "9:11:02 PST"]
[Termination "GiorgianBarbosa won by resignation"]

1. e4 c5 2. Nf3 g6 3. d4 cxd4 4. Nxd4 Bg7 5. c4 Nc6 6. Be3 Nf6 7. Nc3 O-O 8. Be2 Nxd4 9. Bxd4 d6 10. O-O Bd7 11.
f3 Bc6 12. Rc1 a5 13. b3 Nd7 14. Be3 Nc5 15. Qd2 e6 16. Bh6 Bxh6 17. Qxh6 e5 18.
Rfd1 Qe7 19. Rd2 f5 20. exf5 Rxf5 21. Rcd1 Rh5 22. Qe3 Qh4 23. h3 Ne6 24. Rxd6 Nf4 25. Bf1 Qg3 26. Kh1 Rxh3+ 27. gxh3 Bxf3+ 28. Qxf3 Qxf3+ 29. Kh2 Qxc3 0-1

[Event "Early-Titled-Tuesday-Blitz-November-28-2023"]
[Site "Chess.com"]
[Date "2023.11.28"]
[Round "6"]
[White "Rakhmanov_Aleksandr"]
[Black "Alexei_Gubajdullin"]
[Result "1-0"]
[WhiteElo "2843"]
[BlackElo "2674"]
[TimeControl "180+1"]
[EndTime "9:11:13 PST"]
[Termination "Rakhmanov_Aleksandr won by resignation"]

1. d4 Nf6 2. c4 g6 3. Nc3 Bg7 4. e4 d6 5. h3 O-O 6. Be3 Na6 7. g4 e5 8. d5 Nc5 9. f3 a5 10. Qd2 a4 11. Nge2 h5 12. Bg5 Qd7 13. Ng3 Nh7 14. gxh5 Nxg5 15. Qxg5 Qd8 16. Qxd8 Rxd8 17. h4 Bh6 18.
Kf2 Bd2 19. Rd1 Bxc3 20. bxc3 Ra6 21. Rb1 Kg7 22. hxg6 fxg6 23. h5 Rf8 24. Be2 g5 25.
h6+ Kh7 26. Ke3 Rf6 27. Rh5 Rxh6 28. Rxg5 Rh2 29. Rg1 Bd7 30. Nh5 1-0

[Event "Early-Titled-Tuesday-Blitz-November-28-2023"]
[Site "Chess.com"]
[Date "2023.11.28"]
[Round "6"]
[White "Eagle_2019"]
[Black "chesstrainer2042"]
[Result "1-0"]
[WhiteElo "2674"]
[BlackElo "2495"]
[TimeControl "180+1"]
[EndTime "9:11:13 PST"]
[Termination "Eagle_2019 won by resignation"]

1. d4 Nf6 2. Bg5 g6 3. Bxf6 exf6 4. e3 f5 5. g3 d5 6. Bg2 c6 7. Ne2 Bd6 8. O-O Nd7 9. Nd2 Nf6 10. c4 dxc4 11.
Nxc4 Bc7 12. b4 O-O 13. a4 Re8 14. b5 Be6 15. Qc2 Bd5 16. bxc6 Bxg2 17. Kxg2 Qd5+ 18. Kg1 Qxc6 19. Rfc1 Rac8 20. Nd2 Qd7 21. Qb3 f4 22. gxf4 Qh3 23. Qxb7 Ba5 24. Nf1 Rb8 25. Qa6 Bb4 26. Qxf6 Rb6 27. Qg5 1-0

[Event "Early-Titled-Tuesday-Blitz-November-28-2023"]
[Site "Chess.com"]
[Date "2023.11.28"]
[Round "6"]
[White "zajka-molotok"]
[Black "pirulillo"]
[Result "1-0"]
[WhiteElo "2500"]
[BlackElo "2312"]
[TimeControl "180+1"]
[EndTime "9:11:19 PST"]
[Termination "zajka-molotok won by resignation"]

1. e4 c5 2. Nf3 e6 3. g3 d5 4. exd5 exd5 5. d4 Nc6 6. Bg2 Nf6 7. O-O h6 8. Re1+ Be7 9. dxc5 O-O 10. a3 Bxc5 11. b4 Bb6 12. Bb2 Ne4 13. Nd4 Qf6 14. Bxe4 Nxd4 15. Bxd5 Bh3 16. Nd2 Rad8 17. c4 Nf3+ 18.
Qxf3 Qxb2 19. Ne4 Rfe8 20. Bxf7+ Kh8 21. Bxe8 Rxe8 22. Ng5 Qxf2+ 23. Qxf2 Bxf2+ 24. Kxf2 Rf8+ 25. Nf3 1-0

[Event "Early-Titled-Tuesday-Blitz-November-28-2023"]
[Site "Chess.com"]
[Date "2023.11.28"]
[Round "6"]
[White "KorolDimitriy75"]
[Black "BarloNadera"]
[Result "1-0"]
[WhiteElo "2327"]
[BlackElo "2119"]
[TimeControl "180+1"]
[EndTime "9:11:19 PST"]
[Termination "KorolDimitriy75 won by checkmate"]

1. d4 d5 2. c4 e6 3. Nc3 c6 4. e3 Nf6 5. Nf3 Nbd7 6. Bd3 dxc4 7. Bxc4 b5 8. Be2 Bb7 9. e4 b4 10. e5 bxc3 11. exf6 cxb2 12. fxg7 Bxg7 13. Bxb2 c5 14. O-O O-O 15. Rc1 Re8 16. Qd2 cxd4 17. Bxd4 Nf6 18. Rfd1 Bd5 19. h3 Ne4 20. Qe3 Bxd4 21. Rxd4 Nd6 22. Rg4+ Kf8 23. Qh6+ Ke7 24. Qh4+ Kd7 25.
Ne5# 1-0